Cogmind - Beta 14 @@@ ROGUE MODE // 2024.12.16 @ 23:49:07 Player: xack Result: Destroyed by G-50 Soldier with Heavy Laser Performance ------------- Evolutions (4) 2000 Regions Visited (13) 2600 Robots Destroyed (104) 520 Value Destroyed (4431) 4431 Prototype IDs (37) 740 Alien Tech Used (0) 0 Bonus (811) 811 TOTAL SCORE: 11102 Bonus ------- High Alert Combat Kills 159 Follower Combat Kills 938 Aligned with FarCom 300 Friendly Fire -586 Cogmind --------- Core Integrity 0/850 Matter 24/300 Energy 95/100 System Corruption 6% Temperature Cool (9) Movement Core (300) Ox5 Location -6/Hub_04(d) Parts ------- > --- POWER (2) -------- (None) > --- PROPULSION (5) --- Improved Treads Improved Treads > --- UTILITY (5) ------ Advanced Heat Sink Improved Cooling System Improved Signal Interpreter > --- WEAPON (3) ------- KE Penetrator Bore Cannon > --- INVENTORY (5) ---- Gauss Rifle Coil Gun Peak State ------------ > --- POWER ------------ Improved Deuterium Engine Light Fission Core > --- PROPULSION ------- Flexi-carbon Leg Flexi-carbon Leg Myomer Leg Myomer Leg Myomer Leg > --- UTILITY ---------- Advanced Heat Sink Medium Storage Unit Improved Signal Interpreter Advanced Targeting Computer Cloaking Device > --- WEAPON ----------- High-powered Shock Rifle Coil Gun Coil Gun > --- INVENTORY -------- Carbon-fiber Leg Carbon-fiber Leg Improved Cooling System Compact Ion Cannon Gauss Rifle Bore Cannon Missile Launcher [Rating: 74] Favorites ----------- Power Light Angular Momentum Engine Engine Light Angular Momentum Engine Power Core Light Nuclear Core Propulsion Cooled Airjet Treads Improved Treads Leg Flexi-carbon Leg Wheel Armored Huge Wheel Hover Unit Cooled Airjet Flight Unit Improved Flight Unit Utility Medium Storage Unit Device Advanced Heat Sink Storage Medium Storage Unit Processor Improved Signal Interpreter Hackware Hacking Suite Protection Improved Medium Armor Plating Weapon Enhanced Autogun Energy Gun High-powered Shock Rifle Energy Cannon Compact Ion Cannon Ballistic Gun Enhanced Autogun Ballistic Cannon Bore Cannon Launcher Missile Launcher Slashing Weapon Chainsword Build | -11 -10 -10 -10 -9 -8 -7 -6 -6 -6 -6 -6 -6 -6 ------- Run | Yrd Mat Min Exi Min Mat Fac Fac Was Fac Ext Cet Arc Hub Slots Evolved 8 | . . . . . 4 2 2 . . . . . . Power 1 | . . . . . . . 1 . . . . . . Propulsion 3 | . . . . . 2 1 . . . . . . . Utility 3 | . . . . . 1 1 1 . . . . . . Weapon 1 | . . . . . 1 . . . . . . . . Parts Attached 159 | 6 2 5 . 4 30 15 3 . 12 50 10 6 16 Power 16 | 1 . 1 . 1 2 2 1 . . 5 1 1 1 Engine 9 | 1 . 1 . 1 1 1 . . . 4 . . . Core 7 | . . . . . 1 1 1 . . 1 1 1 1 Reactor . | . . . . . . . . . . . . . . Propulsion 46 | 2 . . . 2 9 8 . . 1 13 2 2 7 Treads 2 | . . . . . . . . . . . . . 2 Leg 20 | 2 . . . . . . . . . 9 2 2 5 Wheel 6 | . . . . 2 4 . . . . . . . . Hover 11 | . . . . . . 6 . . 1 4 . . . Flight 7 | . . . . . 5 2 . . . . . . . Utility 40 | 1 2 1 . . 8 4 1 . 4 10 2 2 5 Device 18 | . 1 . . . 3 1 1 . 1 5 2 1 3 Storage 7 | 1 1 . . . 3 . . . 1 1 . . . Processor 3 | . . 1 . . . 1 . . . 1 . . . Hackware 1 | . . . . . . 1 . . . . . . . Protection 11 | . . . . . 2 1 . . 2 3 . 1 2 Artifact . | . . . . . . . . . . . . . . Weapon 57 | 2 . 3 . 1 11 1 1 . 7 22 5 1 3 Energy Gun 6 | 1 . 1 . . . . 1 . 1 2 . . . Energy Cannon 5 | . . . . . 3 . . . 1 . 1 . . Ballistic Gun 28 | 1 . 1 . . 5 . . . 4 13 2 . 2 Ballistic Cannon 2 | . . . . . . . . . . . . 1 1 Launcher 15 | . . 1 . . 3 1 . . 1 7 2 . . Special Weapon . | . . . . . . . . . . . . . . Impact Weapon . | . . . . . . . . . . . . . . Slashing Weapon 1 | . . . . 1 . . . . . . . . . Piercing Weapon . | . . . . . . . . . . . . . . Special Melee Weapon . | . . . . . . . . . . . . . . Unidentified Prototypes 7 | . . . . . 3 3 . . 1 . . . . Parts Lost 48 | . . 1 . 1 1 . . . 1 19 8 4 13 Power 6 | . . . . . . . . . . 3 2 . 1 Propulsion 20 | . . . . 1 . . . . 1 7 2 2 7 Utility 12 | . . . . . . . . . . 5 2 1 4 Weapon 10 | . . 1 . . 1 . . . . 4 2 1 1 Highest Loss Streak 13 | . . 1 . 1 1 . . . 1 5 4 4 13 To Critical Strikes . | . . . . . . . . . . . . . . Average Slot Usage (%) 94 | . 91 100 100 98 82 96 99 100 100 95 97 97 75 Engine 7 | . 14 14 14 14 5 . . . . 8 7 . . Core 3 | . . . . . 3 7 13 13 13 1 2 10 7 Leg 15 | . 28 28 28 1 . . . . . 17 33 33 21 Wheel 3 | . . . . 25 13 . . . . . . . . Hover 9 | . . . . . . 25 33 33 33 14 . . . Flight 1 | . . . . . 8 11 . . . . . . . Device 5 | . 6 4 . . 5 . 5 6 6 6 6 8 5 Storage 8 | . 14 14 14 14 8 7 6 6 6 6 6 6 4 Processor 9 | . . 9 14 14 9 7 6 6 6 10 13 13 11 Protection 4 | . . . . . 3 7 6 6 6 7 6 3 3 Energy Gun 5 | . 14 13 14 14 . . 4 6 6 4 4 . . Energy Cannon 2 | . . . . . 12 . . . 4 . 1 6 1 Ballistic Gun 11 | . 14 14 14 2 8 15 13 13 7 13 12 7 7 Slashing Weapon 1 | . . . . 11 2 . . . . . . . . Peak Build Rating 74 | 6 7 8 9 13 39 55 61 61 66 71 74 68 68 Average Rating 46 | 4 6 7 8 12 34 47 60 61 64 62 69 66 49 On Entrance 37 | . 6 7 8 9 13 33 53 61 61 66 69 68 68 Naked Turns . | . . . . . . . . . . . . . . Heaviest Build 57 | 13 19 19 18 20 44 37 37 35 43 52 51 57 57 Greatest Support 115 | 20 20 20 20 32 56 41 41 41 41 110 115 105 90 Greatest Overweight (x) 11 | 1 . . . 1 11 2 . . 1 5 . . 1 Average Overweight (x) . | . . . . . . . . . . . . . . Largest Inventory Capacity 15 | 8 10 10 10 10 15 10 10 10 10 10 10 10 10 Average Capacity 9 | 7 8 10 10 10 10 10 10 10 10 10 10 10 9 Most Carried 11 | 4 9 10 10 10 11 10 10 10 10 10 10 10 10 Average Carried 9 | 3 6 9 10 9 9 9 9 10 9 9 8 9 7 Final Capacity 10 | 8 10 10 10 10 10 10 10 10 10 10 10 10 5 Final Carried 10 | 4 9 10 10 10 10 10 10 10 10 10 9 10 2 Class Distribution -------------------- 27% | Mutant 25% | Scavenger-Skirmisher 22% | Skirmisher 11% | Scavenger-Tank 8% | Commander-Skirmisher 4% | Sprinter Dominant Class ---------------- Mutant | -10/Materials Mutant | -10/Mines Mutant | -10/Exiles Mutant | -9/Mines Skirmisher | -8/Materials Skirmisher | -7/Factory Scavenger-Skirmisher | -6/Factory Scavenger-Skirmisher | -6/Waste Skirmisher | -6/Factory Scavenger-Skirmisher | -6/Extension Scavenger-Skirmisher | -6/Cetus Scavenger-Skirmisher | -6/Archives Scavenger-Skirmisher | -6/Hub_04(d) Resources | -11 -10 -10 -10 -9 -8 -7 -6 -6 -6 -6 -6 -6 -6 ----------- Run | Yrd Mat Min Exi Min Mat Fac Fac Was Fac Ext Cet Arc Hub Matter Collected 3520 | 229 69 68 . 50 430 150 . . 357 1712 217 232 6 Remotely . | . . . . . . . . . . . . . . Salvage Created 4740 | . 358 120 . 147 826 150 . . 503 1933 268 311 124 Parts 225 | . 19 13 . 5 37 5 . . 27 90 10 12 7 Haulers Intercepted 7 | . 1 . . . 1 1 . . 2 2 . . . Recyclers Shooed 5 | . 2 . . . . . . . . 3 . . . Parts Field Recycled . | . . . . . . . . . . . . . . Retrieved Matter . | . . . . . . . . . . . . . . Parts Self-Destructed . | . . . . . . . . . . . . . . Prevented . | . . . . . . . . . . . . . . Kills | -11 -10 -10 -10 -9 -8 -7 -6 -6 -6 -6 -6 -6 -6 ------- Run | Yrd Mat Min Exi Min Mat Fac Fac Was Fac Ext Cet Arc Hub Combat Hostiles Destroyed 81 | . 9 5 . 3 12 2 . . 6 32 6 4 2 Melee 2 | . . . . . 2 . . . . . . . . Guns 48 | . 7 5 . 3 5 2 . . 1 19 3 2 1 Cannons 10 | . . . . . 5 . . . 1 . 1 2 1 AOE 21 | . 2 . . . . . . . 4 13 2 . . Classes Destroyed 14 | . 3 1 . . 3 . . . 3 3 . . 1 Worker 4 | . . . . . . . . . 1 3 . . . Builder 1 | . . . . . . . . . . 1 . . . Tunneler 2 | . . . . . . . . . . 2 . . . Hauler 7 | . 1 . . . 1 1 . . 2 2 . . . Recycler 1 | . . . . . 1 . . . . . . . . Watcher 4 | . . . . . 1 . . . 1 1 1 . . Swarmer 7 | . 3 3 . . . . . . . 1 . . . Grunt 45 | . 6 1 . 3 8 2 . . 2 19 3 . 1 Duelist 3 | . . . . . . . . . 1 2 . . . Sentry 14 | . . . . . 4 . . . 1 5 . 4 . Demolisher 1 | . . 1 . . . . . . . . . . . Hunter 7 | . . . . . . . . . 2 5 . . . Heavy 1 | . . . . . . . . . . . . . 1 Cetus Guard 3 | . . . . . . . . . . . 3 . . Thug 1 | . . . . . . . . . . 1 . . . Savage 1 | . . . . . . . . . . 1 . . . Butcher 2 | . . . . . . . . . . 2 . . . Best Kill Streak 13 | . 3 3 . 2 3 2 . . 4 13 3 2 2 Combat Bots Only 8 | . 3 3 . 2 3 2 . . 3 8 3 2 2 Max Kills in Single Turn 6 | . 2 1 . 1 2 1 . . 2 6 1 1 1 Gunslinging . | . . . . . . . . . . . . . . Exploded 5 | . 2 . . . . . . . 2 5 1 . . Melee 1 | . . . . . 1 . . . . . . . . Uniques/NPCs Destroyed . | . . . . . . . . . . . . . . Combat | -11 -10 -10 -10 -9 -8 -7 -6 -6 -6 -6 -6 -6 -6 -------- Run | Yrd Mat Min Exi Min Mat Fac Fac Was Fac Ext Cet Arc Hub Hostile Shots Fired 788 | . 24 22 . 17 69 11 . . 52 395 55 26 117 Missed 271 | . 8 2 . 3 18 3 . . 21 157 20 5 34 Damage Taken 8443 | . 210 212 . 218 785 125 . . 728 3016 758 499 1892 Core 1117 | . 37 66 . 48 105 . . . 132 333 63 70 263 Absorbed by Shields . | . . . . . . . . . . . . . . Regen/Repaired (Parts) 97 | . . . . . 97 . . . . . . . . Core Remaining (%) 79 | 100 . . . 39 80 100 . . . . . . . Volleys Fired 272 | . 18 13 . 14 30 14 . . 15 122 18 15 13 Largest 3 | . 2 2 . 2 3 2 . . 3 3 3 3 3 Hottest 177 | . 60 60 . 60 168 50 . . 175 120 150 177 177 Shots Fired 651 | . 37 26 . 20 84 28 . . 35 303 40 46 32 Gun 522 | . 37 26 . 20 32 28 . . 21 284 28 26 20 Cannon 98 | . . . . . 52 . . . 9 . 5 20 12 Launcher 31 | . . . . . . . . . 5 19 7 . . Special . | . . . . . . . . . . . . . . Kinetic 412 | . 18 13 . 6 28 28 . . 11 225 22 30 31 Thermal 82 | . . . . . 51 . . . 9 . 5 16 1 Explosive 31 | . . . . . . . . . 5 19 7 . . Electromagnetic 126 | . 19 13 . 14 5 . . . 10 59 6 . . Robot Hit Streak 30 | . 8 7 . 6 11 9 . . 6 18 11 30 4 Robot Miss Streak 8 | . 3 1 . 2 3 2 . . 2 8 5 1 2 Penetration Max 1 | . . . . . . . . . . 1 1 . 1 Secondary Targets 4 | . . . . 1 . . . . . 3 . . . Max Gunslinging Chain 1 | . . . . 1 . . . . . 1 . . . Shots Hit Robots 417 | . 19 19 . 14 65 19 . . 22 182 24 37 16 Core Hits 246 | . 15 9 . 8 25 5 . . 22 113 31 12 6 Critical Kills 4 | . . . . . . . . . . 1 . 3 . Critical Parts Destroyed 4 | . . . . . . . . . . 1 . 1 2 Critical Strikes 11 | . . . . 1 . . . . . 3 1 4 2 Destroy 8 | . . . . . . . . . . 2 . 4 2 Corrupt 3 | . . . . 1 . . . . . 1 1 . . Melee Attacks 13 | . . . . . 13 . . . . . . . . Impact . | . . . . . . . . . . . . . . Slashing 13 | . . . . . 13 . . . . . . . . Piercing . | . . . . . . . . . . . . . . Sneak Attacks . | . . . . . . . . . . . . . . Combat Hostiles . | . . . . . . . . . . . . . . Follow-up Attacks . | . . . . . . . . . . . . . . Damage Inflicted 12740 | . 451 178 . 168 1580 315 . . 1376 6125 1167 871 509 Guns 6441 | . 239 178 . 168 255 315 . . 323 3708 396 513 346 Cannons 1851 | . . . . . 1054 . . . 166 . 110 358 163 Explosions 4169 | . 212 . . . . . . . 887 2409 661 . . Melee 271 | . . . . . 271 . . . . . . . . Ramming 8 | . . . . . . . . . . 8 . . . Kinetic 5180 | . 88 72 . 31 233 315 . . 172 2897 327 565 480 Thermal 2236 | . 212 . . . 1029 . . . 550 . 110 306 29 Explosive 3573 | . . . . . . . . . 503 2409 661 . . Electromagnetic 1472 | . 151 106 . 137 47 . . . 151 811 69 . . Impact . | . . . . . . . . . . . . . . Slashing 271 | . . . . . 271 . . . . . . . . Piercing . | . . . . . . . . . . . . . . Highest Corruption 11 | . 1 1 1 1 . . 4 11 11 11 6 6 6 Average Corruption 5 | . 1 1 1 1 . . 4 6 11 6 6 6 6 Corruption Purged 5 | . . . . . . . . . . 5 . . . Corruption Blocked . | . . . . . . . . . . . . . . Effects 114 | . 1 1 2 4 . . . 2 12 71 9 7 5 Message Errors 26 | . . . 1 2 . . . . 2 17 3 1 . Matter Fused 28 | . . 1 . 1 . . . . 5 13 2 3 3 Heat Flow Errors 9 | . . . . . . . . . . 8 . 1 . Energy Discharges 14 | . . . 1 . . . . 1 1 8 2 1 . Parts Rejected 3 | . . . . . . . . . . 3 . . . Parts Fused 2 | . . . . . . . . . . 2 . . . Data Loss (minor) 13 | . . . . 1 . . . 1 2 8 1 . . Data Loss (major) 4 | . . . . . . . . . 1 2 1 . . Misfires 6 | . 1 . . . . . . . . 3 . 1 1 Alerts 3 | . . . . . . . . . 1 2 . . . Weapon Failures 6 | . . . . . . . . . . 5 . . 1 Overload Shots . | . . . . . . . . . . . . . . Overflow Damage 81 | . 19 . . . . . . . 41 21 . . . Projectiles . | . . . . . . . . . . . . . . Explosions 81 | . 19 . . . . . . . 41 21 . . . Melee . | . . . . . . . . . . . . . . Knockbacks 1 | . . . . . . . . . . . . . 1 Impact . | . . . . . . . . . . . . . . Kinetic 1 | . . . . . . . . . . . . . 1 Secondary . | . . . . . . . . . . . . . . Self-Inflicted Damage 432 | . 36 . . . . . . . 331 65 . . . Shots 6 | . 1 . . . . . . . 4 1 . . . Rammed 1 | . . . . . . . . . . 1 . . . Targets Rammed 1 | . . . . . . . . . . 1 . . . Kicked . | . . . . . . . . . . . . . . Crushed . | . . . . . . . . . . . . . . Highest Temperature 363 | . 60 80 . 97 363 57 . . 336 273 61 235 62 Average Temperature 63 | . 20 34 . 35 103 29 . . 103 68 12 34 24 Received Heat Transfer 2286 | . 66 84 . 120 378 72 . . 75 753 126 81 531 Effects 2 | . . . . . 2 . . . . . . . . Interference 1 | . . . . . 1 . . . . . . . . Matter Decay 1 | . . . . . 1 . . . . . . . . Siege Activations . | . . . . . . . . . . . . . . Robots Corrupted . | . . . . . . . . . . . . . . Combat Hostiles . | . . . . . . . . . . . . . . Parts Fried . | . . . . . . . . . . . . . . Impact Corruptions . | . . . . . . . . . . . . . . Robots Melted . | . . . . . . . . . . . . . . Combat Hostiles . | . . . . . . . . . . . . . . Parts Melted 10 | . 1 . . . 7 . . . . 1 . 1 . Heat Transferred 2878 | . 200 . . . 1664 . . . 422 . 148 407 37 Parts Sabotaged . | . . . . . . . . . . . . . . Parts Stolen . | . . . . . . . . . . . . . . Parts Stripped . | . . . . . . . . . . . . . . Power Chain Reactions 2 | . 2 . . . . . . . . . . . . Alert | -11 -10 -10 -10 -9 -8 -7 -6 -6 -6 -6 -6 -6 -6 ------- Run | Yrd Mat Min Exi Min Mat Fac Fac Was Fac Ext Cet Arc Hub Peak Influence 683 | . 300 227 . 85 298 147 128 59 383 576 683 352 123 Initial 322 | . . 117 . . 33 73 71 44 41 37 322 247 123 Average 200 | . 108 174 . 73 142 110 79 45 146 223 505 325 96 Maximum Alert Level 2 | . 1 1 . . 1 . . . 1 2 2 1 . Low Security (%) 58 | 100 76 53 . 100 67 100 100 100 67 53 . . 100 Level 1 27 | . 23 46 . . 32 . . . 32 25 6 100 . Level 2 14 | . . . . . . . . . . 20 93 . . Level 3 . | . . . . . . . . . . . . . . Level 4 . | . . . . . . . . . . . . . . Level 5 . | . . . . . . . . . . . . . . High Security . | . . . . . . . . . . . . . . Max Security . | . . . . . . . . . . . . . . Squads Dispatched 23 | . 1 . . 1 2 1 1 . 4 7 3 . 3 Investigation 12 | . 1 . . 1 . . 1 . 2 3 3 . 1 Extermination . | . . . . . . . . . . . . . . Reinforcement 10 | . . . . . 2 1 . . 2 4 . . 1 Assault . | . . . . . . . . . . . . . . Garrison 1 | . . . . . . . . . . . . . 1 Intercept . | . . . . . . . . . . . . . . Searches Triggered . | . . . . . . . . . . . . . . Construction Impeded 3 | . . . . . 1 . . . . 2 . . . Haulers Reinforced 2 | . . . . . . 1 . . 1 . . . . Active Scanning Responses . | . . . . . . . . . . . . . . Cargo Convoy Interrupts . | . . . . . . . . . . . . . . Stealth | -11 -10 -10 -10 -9 -8 -7 -6 -6 -6 -6 -6 -6 -6 --------- Run | Yrd Mat Min Exi Min Mat Fac Fac Was Fac Ext Cet Arc Hub Distress Signals 9 | . 1 . . . 1 . . . 2 2 2 1 . Communications Jammed . | . . . . . . . . . . . . . . Distress Signals . | . . . . . . . . . . . . . . Times Spotted 148 | . 15 6 . 3 17 5 1 5 12 55 17 4 8 Peak Tracking Total 8 | . 6 3 . 2 3 4 3 5 6 8 6 2 7 Tactical Retreats 8 | . 1 . . . . . 1 . 1 4 1 . . Traps | -11 -10 -10 -10 -9 -8 -7 -6 -6 -6 -6 -6 -6 -6 ------- Run | Yrd Mat Min Exi Min Mat Fac Fac Was Fac Ext Cet Arc Hub Traps Triggered 11 | . . . . . . . 3 . 2 2 . . 4 Indirectly . | . . . . . . . . . . . . . . Trap Hack Attempts . | . . . . . . . . . . . . . . Triggered . | . . . . . . . . . . . . . . Disarmed . | . . . . . . . . . . . . . . Reprogrammed . | . . . . . . . . . . . . . . Reused . | . . . . . . . . . . . . . . Traps Extracted . | . . . . . . . . . . . . . . Installed . | . . . . . . . . . . . . . . Triggered . | . . . . . . . . . . . . . . Machines | -11 -10 -10 -10 -9 -8 -7 -6 -6 -6 -6 -6 -6 -6 ---------- Run | Yrd Mat Min Exi Min Mat Fac Fac Was Fac Ext Cet Arc Hub Machines Disabled 20 | . . . . . 2 . . . 9 6 . 2 1 Max in Single Turn 4 | . . . . . 1 . . . 4 1 . 1 1 Machines Repaired . | . . . . . . . . . . . . . . Machines Dismantled . | . . . . . . . . . . . . . . Machines Sabotaged . | . . . . . . . . . . . . . . Overloaded Fab Kills . | . . . . . . . . . . . . . . Hacking | -11 -10 -10 -10 -9 -8 -7 -6 -6 -6 -6 -6 -6 -6 --------- Run | Yrd Mat Min Exi Min Mat Fac Fac Was Fac Ext Cet Arc Hub Machines Accessed 42 | . 3 1 1 1 4 5 2 . 7 12 3 1 2 Terminals 35 | . 3 1 . . 3 4 1 . 7 12 3 . 1 Fabricators 1 | . . . . . . . 1 . . . . . . Repair Stations 1 | . . . . . 1 . . . . . . . . Recycling Units 1 | . . . . . . 1 . . . . . . . Scanalyzers . | . . . . . . . . . . . . . . Garrison Access 1 | . . . . . . . . . . . . . 1 Total Hacks 121 | . 10 5 1 1 10 8 4 . 15 27 10 25 5 Successful 60 | . 4 3 1 1 5 2 1 . 6 9 3 25 . Failed 61 | . 6 2 . . 5 6 3 . 9 18 7 . 5 Catastrophic 17 | . 3 2 . . 1 1 . . 2 4 4 . . Database Lockouts . | . . . . . . . . . . . . . . Manual 22 | . 3 2 1 . 1 2 2 . 6 4 . 1 . Terminals 87 | . 10 5 . . 8 6 3 . 15 27 10 . 3 Fabricators 1 | . . . . . . . 1 . . . . . . Repair Stations 2 | . . . . . 2 . . . . . . . . Recycling Units 2 | . . . . . . 2 . . . . . . . Scanalyzers . | . . . . . . . . . . . . . . Garrison Access 2 | . . . . . . . . . . . . . 2 Terminal Hacks 55 | . 4 3 1 1 3 . . . 6 9 3 25 . Record 31 | . . . . . 1 . . . . 2 3 25 . Prototype ID Bank 4 | . 2 . . . 1 . . . 1 . . . . Open Door 7 | . . . . 1 . . . . 1 5 . . . Branch Access Points 1 | . 1 . . . . . . . . . . . . Alert Level 1 | . . . . . . . . . 1 . . . . Unreport Threat 5 | . . . . . . . . . 3 2 . . . Dispatch Records 1 | . . 1 . . . . . . . . . . . Transport Status 1 | . . . . . 1 . . . . . . . . Investigation Status 1 | . . 1 . . . . . . . . . . . Hauler Manifests 1 | . 1 . . . . . . . . . . . . Zone Layout 1 | . . 1 . . . . . . . . . . . Derelict Proto ID Bank 1 | . . . 1 . . . . . . . . . . Fabricator Hacks 1 | . . . . . . . 1 . . . . . . Build 1 | . . . . . . . 1 . . . . . . Repair Station Hacks 2 | . . . . . 2 . . . . . . . . Scan Component 1 | . . . . . 1 . . . . . . . . Repair 1 | . . . . . 1 . . . . . . . . Recycling Unit Hacks 2 | . . . . . . 2 . . . . . . . Retrieve Matter 1 | . . . . . . 1 . . . . . . . Retrieve Components 1 | . . . . . . 1 . . . . . . . Scanalyzer . | . . . . . . . . . . . . . . Garrison Access Hacks . | . . . . . . . . . . . . . . Unauthorized Hacks . | . . . . . . . . . . . . . . Terminals . | . . . . . . . . . . . . . . Fabricators . | . . . . . . . . . . . . . . Repair Stations . | . . . . . . . . . . . . . . Recycling Units . | . . . . . . . . . . . . . . Scanalyzers . | . . . . . . . . . . . . . . Garrison Access . | . . . . . . . . . . . . . . Data Cores Recovered 1 | . . . . . . . . . . 1 . . . Used . | . . . . . . . . . . . . . . Hacking Detections 32 | . 3 1 . . 3 5 1 . 5 9 3 . 2 Full Trace Events 11 | . 3 . . . . . . . 1 3 3 . 1 Feedback Events 2 | . 1 . . . . . . . . 1 . . . Corruption 1 | . 1 . . . . . . . . . . . . Hackware Fried 1 | . . . . . . . . . . 1 . . . Feedback Blocked . | . . . . . . . . . . . . . . Robot Schematics Acquired . | . . . . . . . . . . . . . . Robots Built . | . . . . . . . . . . . . . . Authchips . | . . . . . . . . . . . . . . Time . | . . . . . . . . . . . . . . Total Robot Build Rating . | . . . . . . . . . . . . . . Part Schematics Acquired . | . . . . . . . . . . . . . . Parts Built 2 | . . . . . . . 2 . . . . . . Authchips . | . . . . . . . . . . . . . . Time 64 | . . . . . . . 64 . . . . . . Total Part Build Rating 16 | . . . . . . . 16 . . . . . . Parts Repaired 1 | . . . . . 1 . . . . . . . . Time 26 | . . . . . 26 . . . . . . . . Parts Recycled . | . . . . . . . . . . . . . . Recycled Matter . | . . . . . . . . . . . . . . Retrieved Matter . | . . . . . . . . . . . . . . Retrieved Components 1 | . . . . . . 1 . . . . . . . Parts Scanalyzed . | . . . . . . . . . . . . . . Part Schematics Acquired . | . . . . . . . . . . . . . . Parts Damaged . | . . . . . . . . . . . . . . Bothacking | -11 -10 -10 -10 -9 -8 -7 -6 -6 -6 -6 -6 -6 -6 ------------ Run | Yrd Mat Min Exi Min Mat Fac Fac Was Fac Ext Cet Arc Hub Used RIF Installer . | . . . . . . . . . . . . . . Robots Hacked . | . . . . . . . . . . . . . . Non-combat . | . . . . . . . . . . . . . . Combat . | . . . . . . . . . . . . . . Robot Hacks Applied . | . . . . . . . . . . . . . . Relay Couplers Released . | . . . . . . . . . . . . . . Fabnet Peak Effective % . | . . . . . . . . . . . . . . Robots Rewired 18 | . . . . . . . . . . 18 . . . Allies Hacked . | . . . . . . . . . . . . . . Hacks Repelled . | . . . . . . . . . . . . . . Allies | -11 -10 -10 -10 -9 -8 -7 -6 -6 -6 -6 -6 -6 -6 -------- Run | Yrd Mat Min Exi Min Mat Fac Fac Was Fac Ext Cet Arc Hub Total Allies 26 | . . . . . . . . . . 26 . . . Largest Group 9 | . . . . . . . . . . 9 7 . . Highest-Rated Group 286 | . . . . . . . . . . 286 192 . . Highest-Rated Ally 39 | . . . . . . . . . . 39 39 . . Total Orders . | . . . . . . . . . . . . . . Ally Attacks 279 | . . . . . . . . . . 237 42 . . Total Damage 4381 | . . . . . . . . . . 3572 809 . . Kills 34 | . . . . . . . . . . 28 6 . . Allies Corrupted . | . . . . . . . . . . . . . . Allies Melted 1 | . . . . . . . . . . 1 . . . Intel | -11 -10 -10 -10 -9 -8 -7 -6 -6 -6 -6 -6 -6 -6 ------- Run | Yrd Mat Min Exi Min Mat Fac Fac Was Fac Ext Cet Arc Hub Robot Analysis Total . | . . . . . . . . . . . . . . Derelict Logs Recovered 1 | . . . . 1 . . . . . . . . . Drone Launches . | . . . . . . . . . . . . . . Drone Recoveries . | . . . . . . . . . . . . . . Exploration | -11 -10 -10 -10 -9 -8 -7 -6 -6 -6 -6 -6 -6 -6 ------------- Run | Yrd Mat Min Exi Min Mat Fac Fac Was Fac Ext Cet Arc Hub Turns Passed 6090 | 67 322 390 296 347 814 242 165 24 322 2227 395 371 108 Spaces Moved 5422 | 44 197 275 246 291 628 561 307 69 676 1587 259 244 38 Core 8 | 7 . . . . 1 . . . . . . . . Treads . | . . . . . . . . . . . . . . Legs 1965 | 37 197 275 246 4 . . . . . 665 259 244 38 Wheels 633 | . . . . 287 346 . . . . . . . . Hover 2355 | . . . . . . 381 307 69 676 922 . . . Flight 461 | . . . . . 281 180 . . . . . . . Fastest Speed 26 | 50 120 120 120 100 29 26 34 34 34 34 120 120 120 Average Speed 75 | 113 120 120 120 101 71 31 34 34 34 78 121 120 125 Slowest Speed 600 | 120 120 120 120 190 600 170 34 34 94 360 122 120 190 Overloaded Moves . | . . . . . . . . . . . . . . Propulsion Burnouts . | . . . . . . . . . . . . . . Robots Hopped 1 | . . . . . 1 . . . . . . . . Cave-ins Triggered . | . . . . . . . . . . . . . . Exploration Rate (%) 47 | 5 41 63 67 65 43 13 10 70 16 96 73 97 3 Regions Visited 13 Branch Regions 7 Pre-discovered Areas 1 | . . . . 1 . . . . . . . . . Known Exits Taken 6 | . 1 . . . . 1 . . 1 1 1 1 . Unknown Exits Taken 5 | 1 . 1 1 1 1 . . . . . . . . Scrap Searched 2 | . . 2 . . . . . . . . . . . Spaces Dug . | . . . . . . . . . . . . . . Terrain Destroyed 267 | . 8 . . . 10 . . . 57 121 58 5 8 Melee . | . . . . . . . . . . . . . . Projectile 33 | . . . . . 10 . . . . 9 1 5 8 AOE 234 | . 8 . . . . . . . 57 112 57 . . Terrain Rammed . | . . . . . . . . . . . . . . Walls Destroyed . | . . . . . . . . . . . . . . Machines Disabled . | . . . . . . . . . . . . . . Actions | -11 -10 -10 -10 -9 -8 -7 -6 -6 -6 -6 -6 -6 -6 --------- Run | Yrd Mat Min Exi Min Mat Fac Fac Was Fac Ext Cet Arc Hub Total 6915 | 59 250 312 247 327 910 607 368 68 742 2362 306 288 69 Wait 676 | 3 28 9 . 8 160 1 50 . 22 367 12 16 . Move 5408 | 43 196 274 245 290 625 560 307 68 675 1586 258 243 38 Hop 1 | . . . . . 1 . . . . . . . . Pick Up 113 | 7 5 6 1 5 23 5 5 . 6 34 7 7 2 Fast Attach 40 | 3 1 . . 1 12 8 . . 3 7 . . 5 Attach 60 | 3 . 1 . 1 8 3 2 . 1 19 7 5 10 Detach 2 | . . . . . 1 1 . . . . . . . Swap 59 | . 1 4 . 2 10 4 1 . 8 24 3 1 1 Drop 93 | . 1 5 1 6 27 11 3 . 12 25 1 1 . Fire 272 | . 18 13 . 14 30 14 . . 15 122 18 15 13 Melee 13 | . . . . . 13 . . . . . . . . Ram 1 | . . . . . . . . . . 1 . . . Kick . | . . . . . . . . . . . . . . Crush . | . . . . . . . . . . . . . . Escape Stasis 26 | . . . . . . . . . . 26 . . . Rewire 151 | . . . . . . . . . . 151 . . . Trap . | . . . . . . . . . . . . . . Miscellaneous . | . . . . . . . . . . . . . . Route ------- -11/Scrapyard -10/Materials -10/Mines -10/Exiles -9/Mines (discovered 2 exits: *Mat x2) -8/Materials (discovered 2 exits: *Fac / [*Sto]) -7/Factory -6/Factory -6/Waste -6/Factory -6/Extension (discovered 2 exits: *Fac / *Cet) -6/Cetus (discovered 2 exits: *Fac / *Arc) -6/Archives (discovered 3 exits: *Fac / *Hub x2) -6/Hub_04(d) History --------- Turn | Location | Event 31 | -11/Scrapyard | Discovered new exit (range 15) 68 | -11/Scrapyard | Entered Materials 254 | -10/Materials | Identified exit to Mines 306 | -10/Materials | Build established: Mutant 390 | -10/Materials | Entered Mines 453 | -10/Mines | Assembled infested the area 459 | -10/Mines | Found a hidden stash of uninstalled traps 775 | -10/Mines | Deemed a non-threat by the Exiles lab entrance 775 | -10/Mines | Discovered new exit (range 5) 780 | -10/Mines | Entered Exiles 809 | -10/Exiles | Met 8R-AWN 831 | -10/Exiles | Met EX-HEX 880 | -10/Exiles | Met EX-BIN 897 | -10/Exiles | Aligned with FarCom system 898 | -10/Exiles | Given EX-Vault access code 926 | -10/Exiles | Opened EX-Vault 932 | -10/Exiles | Found Gui. Plasma Cannon 957 | -10/Exiles | Warned to stay clear of 0b10 Research branches 988 | -10/Exiles | Met EX-DEC 1063 | -10/Exiles | Discovered new exit (range 14) 1076 | -10/Exiles | Left Exiles lab with Gui. Plasma Cannon 1076 | -10/Exiles | Entered Mines 1086 | -9/Mines | Core integrity fell below 50% 1128 | -9/Mines | Met a Derelict shopkeep closing up shop 1249 | -9/Mines | Discovered new exit (range 15) 1274 | -9/Mines | Learned location of Zion (-6) 1287 | -9/Mines | Discovered new exit (range 9) 1423 | -9/Mines | Entered Materials 1423 | -8/Materials | Evolved 4 slots: Propulsion x2, Utility x1, Weapon x1 1709 | -8/Materials | Discovered new exit (range 4) 1894 | -8/Materials | Discovered new exit (range 3) 1952 | -8/Materials | Build established: Skirmisher 2146 | -8/Materials | Repaired Med. Storage Unit 2237 | -8/Materials | Entered Factory 2237 | -7/Factory | Evolved 2 slots: Propulsion x1, Utility x1 2351 | -7/Factory | Discovered new exit (range 8) 2436 | -7/Factory | Identified exit to Factory 2479 | -7/Factory | Entered another Factory area 2479 | -6/Factory | Evolved 2 slots: Power x1, Utility x1 2604 | -6/Factory | Fabricated Imp. Remote Force Field? 2644 | -6/Factory | Sucked down chute 2644 | -6/Factory | Entered Waste 2651 | -6/Waste | Spotted C-40 Crusher 2654 | -6/Waste | Spotted C-40 Crusher 2654 | -6/Waste | Spotted C-40 Crusher 2656 | -6/Waste | Spotted C-40 Crusher 2659 | -6/Waste | EMP discharged 2659 | -6/Waste | System corruption reached 10% 2664 | -6/Waste | Discovered new exit (range 10) 2664 | -6/Waste | Spotted C-40 Crusher 2667 | -6/Waste | Identified exit to Factory 2668 | -6/Waste | Entered Factory 2958 | -6/Factory | Discovered new exit (range 10) 2963 | -6/Factory | Identified exit to Extension 2990 | -6/Factory | Entered Extension 3112 | -6/Extension | Lost 3 parts (1p2w) 3166 | -6/Extension | Rescued a captive Derelict 3166 | -6/Extension | Rescued a captive Derelict 3195 | -6/Extension | Hacking Suite fried by hacking feedback 3400 | -6/Extension | Rescued a captive Derelict 3401 | -6/Extension | Rescued a captive Derelict 3736 | -6/Extension | Build established: Commander-Skirmisher 3890 | -6/Extension | Disrupted transfer network 3894 | -6/Extension | Spotted B-75 Beast 3913 | -6/Extension | Allies destroyed B-75 Beast 3922 | -6/Extension | Spotted B-75 Beast 3932 | -6/Extension | Allies destroyed B-75 Beast 3959 | -6/Extension | Lost 5 parts (3n2u) 4005 | -6/Extension | Lost 7 allies 4007 | -6/Extension | Destroyed 8 combat bots 4191 | -6/Extension | Rescued a captive Derelict 4335 | -6/Extension | Build established: Scavenger-Skirmisher 4417 | -6/Extension | Lost 4 allies 4487 | -6/Extension | Core integrity fell below 50% 4635 | -6/Extension | Lost 3 allies 4642 | -6/Extension | Rescued a captive Derelict 4642 | -6/Extension | Rescued a captive Derelict 4883 | -6/Extension | Rescued a captive Derelict 4931 | -6/Extension | Discovered new exit (range 10) 4932 | -6/Extension | Discovered new exit (range 6) 4938 | -6/Extension | Identified exit to Cetus 4942 | -6/Extension | Identified exit to Factory 5034 | -6/Extension | Build established: Scavenger-Tank 5217 | -6/Extension | Entered Cetus 5217 | -6/Cetus | Accompanied by 7 allies 5235 | -6/Cetus | Spotted Cetus Guard 5235 | -6/Cetus | Spotted Cetus Guard 5237 | -6/Cetus | Spotted Cetus Guard 5237 | -6/Cetus | Spotted Cetus Guard 5241 | -6/Cetus | Destroyed Cetus Guard 5243 | -6/Cetus | Allies destroyed Cetus Guard 5250 | -6/Cetus | Destroyed Cetus Guard 5252 | -6/Cetus | Allies destroyed Cetus Guard 5311 | -6/Cetus | Discovered exit to Factory (range 15) 5457 | -6/Cetus | Lost 4 parts (1p1n2u) 5534 | -6/Cetus | Lost 4 parts (1p1n2w) 5544 | -6/Cetus | Discovered new exit (range 16) 5569 | -6/Cetus | Spotted Cetus Guard 5569 | -6/Cetus | Spotted Cetus Guard 5581 | -6/Cetus | Spotted Cetus Guard 5587 | -6/Cetus | Spotted Cetus Guard 5587 | -6/Cetus | Destroyed Cetus Guard 5611 | -6/Cetus | Identified exit to Archives 5612 | -6/Cetus | Entered Archives 5627 | -6/Archives | Lost 4 allies 5707 | -6/Archives | Lost 4 parts (2n1u1w) 5717 | -6/Archives | Build established: Scavenger-Skirmisher 5727 | -6/Archives | Unable to access archive contents 5748 | -6/Archives | Discovered new exit (range 14) 5767 | -6/Archives | Unable to access archive contents 5769 | -6/Archives | Discovered new exit (range 16) 5785 | -6/Archives | Unable to access archive contents 5803 | -6/Archives | Identified exit to Hub_04(d) 5877 | -6/Archives | Discovered exit to Factory (range 15) 5960 | -6/Archives | Unable to access archive contents 5983 | -6/Archives | Entered Hub_04(d) 6034 | -6/Hub_04(d) | Core integrity fell below 20% 6080 | -6/Hub_04(d) | Garrison activated, responded to threat 6091 | -6/Hub_04(d) | Destroyed by G-50 Soldier with Heavy Laser Last Messages --------------- 06077_ Slug penetrates G-50 Soldier. 06077_ Carbon-fiber Leg destroyed. 06079_ Med. Storage Unit destroyed. 06079_ KE Penetrator destroyed. 06080_ HV Slug penetrates Wall. 06080_ G-50 Soldier calls for garrison reinforcements. 06080_ ALERT: Activating Garrison Access H002. 06083_ HV Slug penetrates G-50 Soldier. 06083_ Slug penetrates G-50 Soldier. 06086_ HV Slug penetrates Wall. 06086_ Slug penetrates G-50 Soldier. 06086_ G-50 Soldier destroyed. 06086_ Carbon-fiber Leg destroyed. 06087_ K-01 Serf collects debris. 06088_ Carbon-fiber Leg destroyed. 06088_ Neutrino Core destroyed. 06089_ HV Slug penetrates Wall. 06089_ Slug penetrates G-50 Soldier. [Achievement: Just Browsing] Map ----- +----------------------------------------------------+ | ?????????????????????????????????????????????????? | | ?????????????????????????????????????????????????? | | ?????????????????????????????????????????????????? | | ?????????????????????????????????????????????????? | | ?????????????????????????????????????????????????? | | ?????????????????????????????????????????????????? | | ?????????????????????????????????????????????????? | | ?????????????????????????????????????????????????? | | ?????????????????????????????????????????????????? | | ?????????????????????????????????????????????????? | | ?????????????????????????????????????????????????? | | ?????????????????????????????????????????????????? | | ?????????????????????????????????????????????????? | | ?????????????????????????????????????????????????? | | ?????????????????????????????????????????????????? | | ?????????????????????????????????????????????????? | | ?????????????????????????????????????????????????? | | ??????????????????????????????o??????????????????? | | ?????????????????????????????????????????????????? | | ?????????????????????????????????????????????????? | | ?????????????????????????????????????????????????? | | ????????????????????????????????????#######??????? | | ??????## ?????????????????????#?????#"""""#??????? | | ??????# ####;############;####### "T""######## | | ????? ! g ^^* % | | ????? % %! g % @] g ! Y | | ????? = kg %% !% % %* Y | | ??????# #####;;####;;######;;[;;######" "##### | | ????????????????#?????####????????###????#"G"#???? | | ?????????????????????????????????????????# " #???? | | ?????????????????????????????????????????#####???? | | ?????????????????????????????????????????????????? | | | | | | | | | | | | | | | | | | | | | | | | | | | | | | | | | | | | | +----------------------------------------------------+ Best States ------------- Heat Dissipation 83 Energy Generation 32 Energy Capacity 375 Matter Stores 300 Matter Capacity 300 Sight Range 16 Robot Scan Range 14 Terrain Scan Density 10 Cloak Strength 2 Additional Mass Support 9 Armor Coverage 300 Evasion (%) 64 Targeting Accuracy 8 Recoil Reduction 4 Offensive Hacking 10 Item Schematics ----------------- None Robot Schematics ------------------ None Fabricated ------------ Imp. Remote Force Field | x2 | -6/Factory | Preloaded Alien Tech Used ----------------- None Achievements -------------- A New Friend Hey, That's Mine! Just Browsing The More The Merrier Challenges ------------ None Game ------ Seed SlugWeldingMachine Manual? 0 Play Time 02:18:33 Cumulative 34.1 hours Start 2024.12.16 @ 21:05:43 End 2024.12.16 @ 23:49:07 Sessions 1 Manual Loads 0 Difficulty Rogue Special Mode None Game No. 19 Rogue 19 Adventurer 0 Explorer 0 Win Type - Total 0 Types 0/0/0/0/0/0/0/0/0 Lore% 14 Gallery% 25 Achievement% 23 Wizard Run 0 Options --------- Layout 1 ASCII 0 Keyboard 0 Movement Mouse Keybinds 0 Fullscreen 1 Font 32/Smallcaps Map View 50x35 Zoom Use 0% Tactical HUD 1 Map Filters NONE Filters NONE Steam 1 RUN: 4c05a323-4cbf-4247-8f0d-78a0d62c2fdf